MLB
COLORADO ROCKIES @ PHILADELPHIA PHILLIES
06/19/2098
 
TOP OF THE 1ST
Colorado Rockies batting - Pitching for Philadelphia Phillies : RHP Kyle O'Brien
Pitching: RHP Kyle O'Brien
Batting: LHB Glenn Sewell 0-0: Ball
1-0: SINGLE (Line Drive, 89M, EV 108.1 MPH)
Batting: RHB Mike Woodard 0-0: SINGLE (Line Drive, 78S, EV 96.3 MPH)
Glenn Sewell to second
Batting: LHB Jim Davis 0-0: Foul Ball, location: 7LSF
0-1: Ball
1-1: Ball
2-1: Foul Ball, location: 23F
2-2: Strikes out swinging
Batting: RHB Kosuke Sakai 0-0: Called Strike
0-1: Ball
1-1: Ball
2-1: Ball
3-1: Called Strike
3-2: Strikes out looking
Batting: LHB Jeremy Papish 0-0: Ball
1-0: Ball
2-0: Ball
3-0: Called Strike
3-1: Foul Ball, location: 2F
3-2: Base on Balls
Glenn Sewell to third
Mike Woodard to second
Batting: LHB Carlos Parez 0-0: Ball
1-0: Fly out, F9 (Flyball, 9, EV 92.5 MPH)
Top of the 1st over - 0 runs, 2 hits, 0 errors, 3 left on base; Colorado 0 - Philadelphia 0
BOTTOM OF THE 1ST
Philadelphia Phillies batting - Pitching for Colorado Rockies : RHP Rob Dillon
Pitching: RHP Rob Dillon
Batting: SHB Tim Spotton 0-0: Ground out 5-3 (Groundball, 56, EV 86.9 MPH)
Batting: RHB Ryan Klepper 0-0: Called Strike
0-1: Ball
1-1: Ball
2-1: Fly out, F4 (Popup, 4, EV 65.0 MPH)
Batting: SHB Pete Ray 0-0: Fly out, F8 (Flyball, 78D, EV 95.0 MPH)
Bottom of the 1st over - 0 runs, 0 hits, 0 errors, 0 left on base; Colorado 0 - Philadelphia 0
TOP OF THE 2ND
Colorado Rockies batting - Pitching for Philadelphia Phillies : RHP Kyle O'Brien
Batting: LHB Jesus Pena 0-0: Ball
1-0: Ball
2-0: Called Strike
2-1: Called Strike
2-2: Strikes out swinging
Batting: RHB Brenden Oxton 0-0: Fly out, F6 (Popup, 6S, EV 73.1 MPH)
Batting: RHB John Stevens 0-0: SINGLE (Line Drive, 9S, EV 86.3 MPH)
Batting: LHB Glenn Sewell 0-0: Called Strike
0-1: Swinging Strike
0-2: Ball
1-2: Ball
2-2: Foul Ball, location: 2F
2-2: Foul Ball, location: 3FF
2-2: Ball
3-2: Base on Balls
John Stevens to second
Batting: RHB Mike Woodard 0-0: SINGLE (Groundball, 4MD, EV 101.9 MPH)
John Stevens to third
Glenn Sewell to second
Runner from 3rd tries for Home, SAFE, throw by CF to home
Batting: LHB Jim Davis 0-0: Called Strike
0-1: Swinging Strike
0-2: Strikes out swinging
Top of the 2nd over - 1 run, 2 hits, 0 errors, 2 left on base; Colorado 1 - Philadelphia 0
BOTTOM OF THE 2ND
Philadelphia Phillies batting - Pitching for Colorado Rockies : RHP Rob Dillon
Batting: RHB Luis Esquivel 0-0: Foul Ball, location: 23F
0-1: Foul Ball, location: 2F
0-2: Ball
1-2: Strikes out swinging
Batting: RHB Vicente Vargas 0-0: Ball
1-0: SINGLE (Groundball, 34D, EV 102.5 MPH)
Batting: RHB Chad Larson 0-0: Called Strike
0-1: Foul Ball, location: 23FF
0-2: Ball
1-2: Ball
2-2: 2-RUN HOME RUN (Flyball, 78XD, EV 103.8 MPH), Distance : 430 ft
Batting: RHB Aaron Marler 0-0: Ball
1-0: SINGLE (Line Drive, 78M, EV 107.5 MPH)
Batting: RHB Jarred Giordano 0-0: Ball
Wild Pitch!
Aaron Marler to second
1-0: Ground out 5-3 (Groundball, 5, EV 92.5 MPH)
Aaron Marler to third
Batting: RHB Jason Garza 0-0: Foul Ball, location: 5F
0-1: Foul Ball, location: 9LDF
0-2: Strikes out looking
Bottom of the 2nd over - 2 runs, 3 hits, 0 errors, 1 left on base; Colorado 1 - Philadelphia 2
TOP OF THE 3RD
Colorado Rockies batting - Pitching for Philadelphia Phillies : RHP Kyle O'Brien
Batting: RHB Kosuke Sakai 0-0: Ball
1-0: Ball
2-0: Foul Ball, location: 2F
2-1: Swinging Strike
2-2: Strikes out looking
Batting: LHB Jeremy Papish 0-0: Called Strike
0-1: Ball
1-1: Foul Ball, location: 2F
1-2: Strikes out looking
Pitching: RHP Chris Sexton
Batting: LHB Carlos Parez 0-0: Fly out, F9 (Flyball, 9LS, EV 78.8 MPH)
Top of the 3rd over - 0 runs, 0 hits, 0 errors, 0 left on base; Colorado 1 - Philadelphia 2
BOTTOM OF THE 3RD
Philadelphia Phillies batting - Pitching for Colorado Rockies : RHP Rob Dillon
Pitching: RHP Chris Colbert
Batting: SHB Tim Spotton 0-0: SINGLE (Groundball, 34D, EV 95.0 MPH) (infield hit)
Batting: RHB Ryan Klepper 0-0: Ball
1-0: Foul Ball, location: 25F
1-1: Fielders Choice at 2nd, 4-6 (Groundball, 4, EV 97.5 MPH)
Batting: SHB Pete Ray 0-0: Ball
1-0: Called Strike
1-1: Ball
2-1: Called Strike
2-2: Fielders Choice at 2nd, 3-6 (Groundball, 3, EV 105.6 MPH)
Batting: RHB Luis Esquivel 0-0: Foul Ball, location: 2F
0-1: Swinging Strike
0-2: Strikes out swinging
Bottom of the 3rd over - 0 runs, 1 hit, 0 errors, 1 left on base; Colorado 1 - Philadelphia 2
TOP OF THE 4TH
Colorado Rockies batting - Pitching for Philadelphia Phillies : RHP Chris Sexton
Batting: LHB Jesus Pena 0-0: Ball
1-0: Swinging Strike
1-1: Ball
2-1: SINGLE (Flyball, 7S, EV 90.6 MPH)
Batting: RHB Brenden Oxton 0-0: Foul Ball, location: 5FF
0-1: SINGLE (Line Drive, 7S, EV 106.3 MPH)
Jesus Pena to second
Pinch Hitting: SHB Justin Williams 0-0: Ball
1-0: SINGLE (Line Drive, 8LS, EV 95.6 MPH)
Jesus Pena to third
Brenden Oxton to second
Runner from 3rd tries for Home, SAFE, throw by CF to home
Batting: LHB Glenn Sewell 0-0: Ball
1-0: Ball
2-0: Foul Ball, location: 2F
2-1: Foul Ball, location: 23F
2-2: Fielders Choice at 2nd, 3-6 (Groundball, 34, EV 87.5 MPH)
Brenden Oxton to third
Batting: RHB Mike Woodard 0-0: Ball
1-0: DOUBLE (Flyball, 8RXD, EV 110.0 MPH)
Brenden Oxton scores
Glenn Sewell to third
Runner from 3rd tries for Home, SAFE, throw by CF to home
Batting: LHB Jim Davis 0-0: Ball
1-0: Called Strike
1-1: Called Strike
1-2: Ball
2-2: Fly out, F8 (Flyball, 78M, EV 86.9 MPH)
Batting: RHB Kosuke Sakai 0-0: Ball
1-0: Ball
2-0: Ball
3-0: Called Strike
3-1: Swinging Strike
3-2: Base on Balls
Batting: LHB Jeremy Papish 0-0: Foul Ball, location: 7LSF
0-1: Swinging Strike
0-2: Ball
1-2: Ground out 4-3 (Groundball, 34D, EV 101.9 MPH)
Top of the 4th over - 3 runs, 4 hits, 0 errors, 2 left on base; Colorado 4 - Philadelphia 2
BOTTOM OF THE 4TH
Philadelphia Phillies batting - Pitching for Colorado Rockies : RHP Chris Colbert
Now at SS: Orlando Serrano
Batting: RHB Vicente Vargas 0-0: Called Strike
0-1: Ball
1-1: Fly out, F8 (Flyball, 8RS, EV 91.3 MPH)
Batting: RHB Chad Larson 0-0: Ball
1-0: Ground out 5-3 (Groundball, 56S, EV 67.5 MPH)
Batting: RHB Aaron Marler 0-0: Ball
1-0: Fly out, F3 (Popup, 23F, EV 87.5 MPH)
Bottom of the 4th over - 0 runs, 0 hits, 0 errors, 0 left on base; Colorado 4 - Philadelphia 2
TOP OF THE 5TH
Colorado Rockies batting - Pitching for Philadelphia Phillies : RHP Chris Sexton
Pitching: RHP DeAndre Hart
Batting: LHB Carlos Parez 0-0: Called Strike
0-1: Foul Ball, location: 5F
0-2: Strikes out swinging
Batting: LHB Jesus Pena 0-0: Ball
1-0: Called Strike
1-1: Ball
2-1: Swinging Strike
2-2: Strikes out swinging
Batting: RHB Brenden Oxton 0-0: Foul Ball, location: 2F
0-1: Ball
1-1: Foul Ball, location: 5FF
1-2: Ball
2-2: Ground out 6-3 (Groundball, 6MD, EV 101.9 MPH)
Top of the 5th over - 0 runs, 0 hits, 0 errors, 0 left on base; Colorado 4 - Philadelphia 2
BOTTOM OF THE 5TH
Philadelphia Phillies batting - Pitching for Colorado Rockies : RHP Chris Colbert
Batting: RHB Jarred Giordano 0-0: Called Strike
0-1: Foul Ball, location: 2F
0-2: Ball
1-2: Foul Ball, location: 25F
1-2: Foul Ball, location: 5SF
1-2: Ball
2-2: Strikes out swinging
Batting: RHB Jason Garza 0-0: Ball
1-0: Ball
2-0: Ball
3-0: Base on Balls
Batting: SHB Tim Spotton 0-0: Ball
1-0: Called Strike
1-1: Ground out 4-3 (Groundball, 34, EV 93.1 MPH)
Jason Garza to second
Batting: RHB Ryan Klepper 0-0: Ball
1-0: Called Strike
1-1: Ball
2-1: Foul Ball, location: 3F
2-2: Foul Ball, location: 3SF
2-2: Fly out, F8 (Flyball, 8RM, EV 93.1 MPH)
Bottom of the 5th over - 0 runs, 0 hits, 0 errors, 1 left on base; Colorado 4 - Philadelphia 2
TOP OF THE 6TH
Colorado Rockies batting - Pitching for Philadelphia Phillies : RHP DeAndre Hart
Batting: RHB Orlando Serrano 0-0: Ball
1-0: Ball
2-0: Foul Ball, location: 25FF
2-1: Fly out, F8 (Line Drive, 8RM, EV 88.8 MPH)
Batting: LHB Glenn Sewell 0-0: Ball
1-0: DOUBLE (Line Drive, 5D, EV 95.6 MPH)
Batting: RHB Mike Woodard 0-0: Ball
1-0: Ball
2-0: Ball
3-0: Fly out, F9 (Flyball, 89S, EV 93.1 MPH)
Batting: LHB Jim Davis 0-0: Swinging Strike
0-1: Ball
1-1: Foul Ball, location: 2F
1-2: Foul Ball, location: 7LSF
1-2: Foul Ball, location: 5DF
1-2: Ground out 5-3 (Groundball, 56, EV 89.4 MPH)
Top of the 6th over - 0 runs, 1 hit, 0 errors, 1 left on base; Colorado 4 - Philadelphia 2
BOTTOM OF THE 6TH
Philadelphia Phillies batting - Pitching for Colorado Rockies : RHP Chris Colbert
Pitching: RHP Danny Dudley
Batting: SHB Pete Ray 0-0: Foul Ball, location: 7LMF
0-1: Foul Ball, location: 7LMF
0-2: Ball
1-2: Fly out, F9 (Flyball, 9, EV 94.4 MPH)
Batting: RHB Luis Esquivel 0-0: DOUBLE (Line Drive, 78M, EV 99.4 MPH)
Batting: RHB Vicente Vargas 0-0: 2-RUN HOME RUN (Flyball, 78XD, EV 100.6 MPH), Distance : 408 ft
Batting: RHB Chad Larson 0-0: Foul Ball, location: 2LF
0-1: Swinging Strike
0-2: Ball
1-2: Ball
2-2: SINGLE (Groundball, 13, EV 90.0 MPH) (infield hit)
Batting: RHB Aaron Marler 0-0: Ball
1-0: Foul Ball, location: 3DF
1-1: Foul Ball, location: 2F
1-2: Foul Ball, location: 9LSF
1-2: Strikes out swinging
Batting: RHB Jarred Giordano 0-0: Fly out, F8 (Flyball, 8RD, EV 107.5 MPH)
Bottom of the 6th over - 2 runs, 3 hits, 0 errors, 1 left on base; Colorado 4 - Philadelphia 4
TOP OF THE 7TH
Colorado Rockies batting - Pitching for Philadelphia Phillies : RHP DeAndre Hart
Pitching: LHP Eric House
Batting: RHB Kosuke Sakai 0-0: Called Strike
0-1: Foul Ball, location: 5F
0-2: Strikes out looking
Batting: LHB Jeremy Papish 0-0: Foul Ball, location: 3FF
0-1: Ball
1-1: Ball
2-1: Swinging Strike
2-2: Ground out 4-3 (Groundball, 4, EV 86.9 MPH)
Batting: LHB Carlos Parez 0-0: Ball
1-0: Ball
2-0: Called Strike
2-1: Foul Ball, location: 7LMF
2-2: Foul Ball, location: 2F
2-2: Strikes out swinging
Top of the 7th over - 0 runs, 0 hits, 0 errors, 0 left on base; Colorado 4 - Philadelphia 4
BOTTOM OF THE 7TH
Philadelphia Phillies batting - Pitching for Colorado Rockies : RHP Danny Dudley
Pinch Hitting: RHB Jason Waid 0-0: Called Strike
0-1: Ball
1-1: Ball
2-1: SINGLE (Line Drive, 89S, EV 105.6 MPH)
Batting: SHB Tim Spotton 0-0: Ball
1-0: SINGLE (Line Drive, 6D, EV 96.3 MPH)
Jason Waid to second
Batting: RHB Ryan Klepper 0-0: Ball
1-0: Called Strike
1-1: Foul Ball, location: 7LSF
1-2: SINGLE (Line Drive, 6D, EV 96.9 MPH)
Jason Waid to third
Tim Spotton to second
Batting: SHB Pete Ray 0-0: Foul Ball, location: 7LMF
0-1: Ball
1-1: Foul Ball, location: 9LSF
1-2: Strikes out swinging
Pitching: RHP Doug Craig
Batting: RHB Luis Esquivel 0-0: Swinging Strike
0-1: Called Strike
0-2: Foul Ball, location: 2F
0-2: Foul Ball, location: 5FF
0-2: Strikes out swinging
Batting: RHB Vicente Vargas 0-0: Ball
1-0: Called Strike
1-1: Called Strike
1-2: Ball
2-2: Foul Ball, location: 9LDF
2-2: Foul Ball, location: 3SF
2-2: Ball
3-2: Foul Ball, location: 9LMF
3-2: Ground out 6-3 (Groundball, 6, EV 86.9 MPH)
Bottom of the 7th over - 0 runs, 3 hits, 0 errors, 3 left on base; Colorado 4 - Philadelphia 4
TOP OF THE 8TH
Colorado Rockies batting - Pitching for Philadelphia Phillies : LHP Eric House
Now at 2B: Jason Waid
Now at SS: Aaron Marler
Pinch Hitting: RHB Tony Thomas 0-0: Foul Ball, location: 5FF
0-1: Swinging Strike
0-2: Foul Ball, location: 2F
0-2: Strikes out swinging
Batting: RHB Brenden Oxton 0-0: Swinging Strike
0-1: Called Strike
0-2: Fly out, F8 (Line Drive, 8LM, EV 91.9 MPH)
Batting: RHB Orlando Serrano 0-0: Ball
1-0: Ball
2-0: Called Strike
2-1: Ball
3-1: Swinging Strike
3-2: Strikes out looking
Top of the 8th over - 0 runs, 0 hits, 0 errors, 0 left on base; Colorado 4 - Philadelphia 4
BOTTOM OF THE 8TH
Philadelphia Phillies batting - Pitching for Colorado Rockies : RHP Doug Craig
Now in LF: Brian Hatcher
Now in CF: Glenn Sewell
Batting: RHB Chad Larson 0-0: Called Strike
0-1: Ball
1-1: Ball
2-1: Foul Ball, location: 9LSF
2-2: Ball
3-2: Strikes out swinging
Batting: RHB Aaron Marler 0-0: Called Strike
0-1: Swinging Strike
0-2: Foul Ball, location: 2F
0-2: Ball
1-2: Ball
2-2: SINGLE (Line Drive, 89S, EV 95.0 MPH)
Batting: RHB Jarred Giordano 0-0: Called Strike
0-1: Ball
1-1: Ball
Aaron Marler steals 2nd base
2-1: Called Strike
2-2: Foul Ball, location: 3F
2-2: Foul Ball, location: 2F
2-2: Foul Ball, location: 2F
2-2: Foul Ball, location: 7LDF
2-2: Ground out 4-3 (Groundball, 4, EV 90.6 MPH)
Aaron Marler to third
Pitching: RHP Kevin Kulik
Batting: RHB Jason Waid 0-0: Foul Ball, location: 9LSF
0-1: Foul Ball, location: 9LDF
0-2: Ball
1-2: Ball
2-2: Fly out, F6 (Popup, 15, EV 76.3 MPH)
Bottom of the 8th over - 0 runs, 1 hit, 0 errors, 1 left on base; Colorado 4 - Philadelphia 4
TOP OF THE 9TH
Colorado Rockies batting - Pitching for Philadelphia Phillies : LHP Eric House
Pitching: RHP Nick Farrier
Batting: LHB Glenn Sewell 0-0: Ball
1-0: Called Strike
1-1: Foul Ball, location: 2F
1-2: Strikes out swinging
Batting: RHB Mike Woodard 0-0: Called Strike
0-1: Ball
1-1: Ball
2-1: Foul Ball, location: 23F
2-2: Foul Ball, location: 2F
2-2: Fly out, F3 (Popup, 3L, EV 63.1 MPH)
Batting: LHB Jim Davis 0-0: Called Strike
0-1: Ball
1-1: Ground out 5-3 (Groundball, 5L, EV 85.0 MPH)
Top of the 9th over - 0 runs, 0 hits, 0 errors, 0 left on base; Colorado 4 - Philadelphia 4
BOTTOM OF THE 9TH
Philadelphia Phillies batting - Pitching for Colorado Rockies : RHP Kevin Kulik
Batting: SHB Tim Spotton 0-0: Ball
1-0: Foul Ball, location: 2F
1-1: Ball
2-1: Foul Ball, location: 2F
2-2: Foul Ball, location: 2F
2-2: Foul Ball, location: 2F
2-2: Foul Ball, location: 2F
2-2: Ground out 5-3 (Groundball, 56S, EV 68.8 MPH)
Batting: RHB Ryan Klepper 0-0: SINGLE (Groundball, 56D, EV 96.3 MPH)
Batting: SHB Pete Ray 0-0: Ball
1-0: Foul Ball, location: 2F
1-1: Foul Ball, location: 2F
1-2: Fly out, F8 (Flyball, 8LXD, EV 100.6 MPH)
Runner from 1st tags up, SAFE at 2nd
Batting: RHB Luis Esquivel 0-0: Foul Ball, location: 2LF
0-1: Hit by Pitch
Batting: RHB Vicente Vargas 0-0: Called Strike
0-1: Fly out, F1 (Line Drive, P, EV 65.6 MPH)
Bottom of the 9th over - 0 runs, 1 hit, 0 errors, 2 left on base; Colorado 4 - Philadelphia 4
TOP OF THE 10TH
Colorado Rockies batting - Pitching for Philadelphia Phillies : RHP Nick Farrier
Batting: RHB Kosuke Sakai 0-0: Swinging Strike
0-1: Foul Ball, location: 2F
0-2: Ball
1-2: SOLO HOME RUN (Flyball, 89XD, EV 100.0 MPH), Distance : 414 ft
Batting: LHB Jeremy Papish 0-0: Swinging Strike
0-1: Called Strike
0-2: SOLO HOME RUN (Flyball, 9LD, EV 93.1 MPH), Distance : 347 ft
Batting: LHB Carlos Parez 0-0: Ball
1-0: Called Strike
1-1: Swinging Strike
1-2: Foul Ball, location: 9LMF
1-2: Fly out, F8 (Line Drive, 8RM, EV 109.4 MPH)
Batting: SHB Brian Hatcher 0-0: Ground out 1-3 (Groundball, 34S, EV 65.0 MPH)
Batting: RHB Brenden Oxton 0-0: Called Strike
0-1: Ground out 4-3 (Groundball, 4M, EV 79.4 MPH)
Top of the 10th over - 2 runs, 2 hits, 0 errors, 0 left on base; Colorado 6 - Philadelphia 4
BOTTOM OF THE 10TH
Philadelphia Phillies batting - Pitching for Colorado Rockies : RHP Kevin Kulik
Batting: RHB Chad Larson 0-0: Called Strike
0-1: Ball
1-1: Foul Ball, location: 25FF
1-2: Ball
2-2: Ground out 6-3 (Groundball, 6, EV 85.6 MPH)
Pinch Hitting: SHB Cesar Quinteros 0-0: Ball
1-0: Fly out, F8 (Flyball, 8LM, EV 84.4 MPH)
Pinch Hitting: RHB John Zanin 0-0: Ball
1-0: Called Strike
1-1: Ball
2-1: Swinging Strike
2-2: DOUBLE (Line Drive, 9LM, EV 106.3 MPH)
Pitching: RHP Angel Cruz
Batting: RHB Jason Waid 0-0: 2-RUN HOME RUN (Flyball, 9D, EV 96.3 MPH), Distance : 380 ft
Batting: SHB Tim Spotton 0-0: SOLO HOME RUN (Flyball, 78XD, EV 105.0 MPH), Distance : 397 ft
Bottom of the 10th over - 3 runs, 3 hits, 0 errors, 0 left on base; Colorado 6 - Philadelphia 7
Sunday, April 7th , 2024 - OOTP Baseball 24.11 Build 85